 Dungeon Crawl Stone Soup version 0.31-a0-963-ga325b2283a (webtiles) character file.

Game seed: 12141479548609644780

94 gelatine the Stinger (level 4, 0/27 HPs)
             Began as an Octopode Venom Mage on Oct 24, 2023.
             Slain by an ufetubus (2 damage)
             ... on level 3 of the Dungeon.
             The game lasted 00:05:45 (2788 turns).

gelatine the Stinger (Octopode Venom Mage)          Turns: 2788, Time: 00:05:46

Health: 0/27       AC:  1    Str:  6    XL:     4   Next: 63%
Magic:  8/8        EV: 13    Int: 23    God:
Gold:   66         SH:  0    Dex: 11    Spells: 7/8 levels left

rFire   . .          .
                       - Unarmed
rCold   . . .        (no shield)
rNeg    . . .        (helmet restricted)
rPois   .            (no amulet)
rElec   .            j - ring of willpower
rCorr   .            (no ring)
SInv    .            (no ring)
Will    +....        (no ring)
Stlth   +++          (no ring)
HPRegen 0.24/turn    (no ring)
MPRegen 0.11/turn    (no ring)
                     (no ring)

%: no passive effects
@: no status effects
A: almost no armour, amphibious, 8 rings, camouflage 1, gelatinous body 1,
(nimble swimmer 1), tentacles, clever 1, wild magic 1
a: no special abilities


You were on level 3 of the Dungeon.
You visited 1 branch of the dungeon, and saw 3 of its levels.

You collected 66 gold pieces.

Inventory:

Hand Weapons
 d - a +0 short sword
Missiles
 e - 12 stones
 o - 2 boomerangs
Jewellery
 c - a ring of ice
 j - a ring of willpower (left tentacle)
Talismans
 b - a flux talisman
Scrolls
 f - a scroll of enchant weapon {unknown}
 g - 2 scrolls of poison
 h - 2 scrolls of enchant armour {unknown}
 i - 2 scrolls of amnesia {unknown}
 l - a scroll of identify {unknown}
 m - a scroll of brand weapon {unknown}
 n - a scroll of teleportation {unknown}
 r - a scroll of revelation {unknown}
Potions
 a - a potion of magic
 p - a potion of mutation
 q - a potion of brilliance {unknown}


   Skills:
 * Level 0.7 Fighting
 * Level 2.3 Dodging
 * Level 3.4 Stealth
 * Level 1.0 Unarmed Combat
 * Level 2.8 Spellcasting
 * Level 1.7 Transmutations
 * Level 4.3 Poison Magic


You had 7 spell levels left.
You knew the following spells:

 Your Spells              Type           Power      Damage    Failure   Level
a - Sting                 Tmut/Pois      88%        1d7       6%          1

Your spell library contained the following spells:

 Spells                   Type           Power      Damage    Failure   Level
 Poisonous Vapours        Pois/Air       34%        N/A       12%         2
 Magic Dart               Conj           16%        1d3       17%         1
 Searing Ray              Conj           8%         2d4       26%         2
 Mephitic Cloud           Conj/Pois/Air  12%        N/A       28%         3
 Olgreb's Toxic Radiance  Pois           30%        N/A       28%         4
 Animate Dead             Necr           4%         N/A       82%         4
 Fulminant Prism          Conj/Hex       2%         3d5       82%         4
 Borgnjor's Vile Clutch   Necr/Erth      2%         N/A       98%         5
 Death Channel            Necr           2%         N/A       100%        6


Dungeon Overview and Level Annotations

Branches:
Dungeon (3/15)

Altars:


Innate Abilities, Weirdness & Mutations

You cannot wear most types of armour.
You are amphibious.
You can wear up to eight rings at the same time.
Your skin changes colour to match your surroundings (Stealth+).
Your rubbery body absorbs attacks. (AC +1, EV +1)
((You are camouflaged when in or above water. (Stealth+)))
You have tentacles for arms and can constrict up to eight enemies at once.
Your mind is acute. (Int +4, Str/Dex -1)
Your spells are a little harder to cast, but a little more powerful.


Message History

You tentacle-slap the ufetubus.
The ufetubus is moderately wounded.
You constrict the ufetubus.
The ufetubus hits you but does no damage.
The ufetubus misses you. The ufetubus closely misses you.
The ufetubus misses you. The ufetubus barely misses you.
The ufetubus hits you. x3
You tentacle-slap the ufetubus.
The ufetubus is moderately wounded.
You constrict the ufetubus, but do no damage.
The ufetubus completely misses you. The ufetubus closely misses you.
The ufetubus hits you.
* * * LOW HITPOINT WARNING * * *
The ufetubus hits you.
* * * LOW HITPOINT WARNING * * *
Okay, then.
It was a potion of heal wounds.
You feel much better.
You constrict the ufetubus. The ufetubus hits you. The ufetubus misses you.
The ufetubus hits you. The ufetubus misses you. The ufetubus hits you.
The ufetubus completely misses you. The ufetubus hits you.
The ufetubus misses you.
You tentacle-slap the ufetubus but do no damage.
You grab the ufetubus. You constrict the ufetubus.
You constrict the ufetubus, but do no damage.
The ufetubus barely misses you. The ufetubus hits you. x2
* * * LOW HITPOINT WARNING * * *
The ufetubus hits you.
* * * LOW HITPOINT WARNING * * *
It was a potion of mutation.
You feel extremely strange.
You feel less in control of your magic.
Iridescent scales grow over part of your body.
Your iridescent scales disappear.
You feel clever.
You constrict the ufetubus, but do no damage.
You constrict the ufetubus. The ufetubus closely misses you. x2
The ufetubus misses you. The ufetubus hits you.
* * * LOW HITPOINT WARNING * * *
The ufetubus hits you.
* * * LOW HITPOINT WARNING * * *
The ufetubus misses you. The ufetubus closely misses you.
The ufetubus hits you.
You die...

#.###.###.# #.#
#.# #.# #.# #.##
#.# #.# #.# #..#
#.# #8# #.#####.#
#.#######........
##.........#######
#......!..
#5#####.## #@# #
#5# #.# #.# #.#
#.# #.# #.#


You could see 2 ufetubi.

Vanquished Creatures
  2 adders
  A worm (D:2)
  3 dart slugs
  2 endoplasms
  5 giant cockroaches
  9 goblins
  5 hobgoblins
  3 jackals (D:1)
  10 ball pythons
  5 bats
  5 frilled lizards
  8 kobolds
  7 rats
65 creatures vanquished.

Notes
Turn   | Place    | Note
-------+----------+-------------------------------------------
     0 | D:1      | gelatine the Octopode Venom Mage began the quest for the
                  | Orb.
     0 | D:1      | Reached XP level 1. HP: 11/11 MP: 3/3
   166 | D:1      | Reached XP level 2. HP: 17/17 MP: 1/5
   303 | D:1      | Reached skill level 4 in Poison Magic
   418 | D:1      | Reached XP level 3. HP: 15/21 MP: 3/6
  1372 | D:2      | Found a faded altar of an unknown god.
  1559 | D:2      | Reached XP level 4. HP: 27/27 MP: 4/7
  2292 | D:3      | Reached skill level 1 in Unarmed Combat
  2788 | D:3      | Gained mutation: Your spells are a little harder to cast,
                  | but a little more powerful. [potion of mutation]
  2788 | D:3      | Gained mutation: You are partially covered in iridescent
                  | scales. (AC +2) [potion of mutation]
  2788 | D:3      | Lost mutation: You are partially covered in iridescent
                  | scales. (AC +2) [potion of mutation]
  2788 | D:3      | Gained mutation: Your mind is acute. (Int +4, Str/Dex -1)
                  | [potion of mutation]
  2788 | D:3      | Slain by an ufetubus

Illustrated notes

Levels and vault maps discovered:
D:1:      kennysheep_arrival_seaside, layout_rooms
D:2:      layout_basic, basic_ecumenical_altar
D:3:      layout_basic, dancing_weapons_uskayaw, chequers_jeans,
          minmay_snake_closets

Skill      XL: |  1  2  3  4 |
---------------+-------------+-----
Poison Magic   | 4 |  4.3
Stealth        | 3 |  3.4
Unarmed Combat | 1 |  1.0
Fighting       | |  0.7
Dodging        | |  2.3
Spellcasting   | |  2.8
Transmutations | |  1.7

Action                     |  1- 3 |  4- 6 || total
---------------------------+-------+-------++-------
  Melee: Unarmed           |    38 |    34 ||    72
         Constrict         |    11 |     9 ||    20
         Tentacles         |     9 |     4 ||    13
         Punch             |     2 |     2 ||     4
   Cast: Sting             |    68 |    12 ||    80
    Use: Potion            |       |     2 ||     2
         Scroll            |       |     1 ||     1
   Stab: Sleeping          |       |     2 ||     2
 Armour: Skin              |    18 |    34 ||    52
  Dodge: Dodged            |    32 |    48 ||    80

Table legend: (Time is in decaauts)
 A = Elapsed time spent in this place.
 B = Non-inter-level travel time spent in this place.
 C = Inter-level travel time spent in this place.
 D = Time resting spent in this place.
 E = Time spent auto-exploring this place.
 F = Levels seen in this place.
 G = Mean time per level.
                   A        B        C        D        E       F      G
               +--------+--------+--------+--------+--------+-----+--------+
         Total |   2785 |   2690 |     95 |    200 |   2025 |   3 |  928.3 |
       Dungeon |   2785 |   2690 |     95 |    200 |   2025 |   3 |  928.3 |
               +--------+--------+--------+--------+--------+-----+--------+

Top non-repeatable levels by time:
     D:2: 1396 daAuts
     D:1: 890 daAuts
     D:3: 499 daAuts
